 Dungeon Crawl Stone Soup version 0.31-a0-345-g1ebeae05c6 (webtiles) character file.

Game seed: 6419765853892816540

337 Gelion the Changeling (level 6, 0/59 HPs)
             Began as a Troll Shapeshifter on July 23, 2023.
             Slain by an orc
             ... wielding a +0 hand axe
              (3 damage)
             ... on level 4 of the Dungeon.
             The game lasted 00:04:25 (2277 turns).

Gelion the Changeling (Troll Shapeshifter)          Turns: 2277, Time: 00:04:26

Health: 0/59       AC:  4    Str: 30    XL:     6   Next: 28%
Magic:  5/5        EV: 10    Int:  4    God:
Gold:   159        SH:  5    Dex: 12    Spells: 5/5 levels left

rFire   . .          .
                       - Unarmed
rCold   . . .        (no shield)
rNeg    . . .        a - +0 animal skin
rPois   .            (helmet currently unavailable)
rElec   .            (cloak currently unavailable)
rCorr   .            (gloves unavailable)
SInv    .            (boots unavailable)
Will    .....        i - amulet of reflection
Stlth   +            e - +6 ring of strength
HPRegen 1.09/turn    (no ring)
MPRegen 0.09/turn

%: reflection
@: beast-form
A: beast (slay +3), large, unfitting armour, claws 3, regeneration 1, shaggy fur
1, tough skin 1, antennae 1
a: Begin Untransformation


You were on level 4 of the Dungeon.
You were a hulking beast.
You visited 1 branch of the dungeon, and saw 6 of its levels.

You collected 159 gold pieces.

Inventory:

Armour
 a - a +0 animal skin (worn)
Jewellery
 e - a +6 ring of strength (left claw)
 i - an amulet of reflection (around neck)
Talismans
 c - a beast talisman
Scrolls
 d - a scroll of fog
 f - a scroll of enchant armour {unknown}
 g - a scroll of teleportation
 k - a scroll of identify {unknown}
Potions
 b - a potion of lignification
 h - 2 potions of curing


   Skills:
 + Level 2.5 Fighting
 - Level 1.5 Dodging
 + Level 4.3 Unarmed Combat
 * Level 4.9 Shapeshifting


You had 5 spell levels left.
You didn't know any spells.
Your spell library contained the following spells:

 Spells                   Type           Power      Damage    Failure   Level
 Apportation              Tloc           0%         N/A       50%         1
 Sublimation of Blood     Necr           0%         N/A       65%         2
 Wereblood                Tmut           0%         N/A       65%         2
 Anguish                  Hex/Necr       0%         N/A       99%         4
 Cause Fear               Hex            0%         N/A       99%         4
 Olgreb's Toxic Radiance  Pois           0%         N/A       99%         4
 Alistair's Intoxication  Tmut/Pois      0%         N/A       100%        5
 Enfeeble                 Hex            0%         N/A       100%        7
 Summon Hydra             Summ           0%         N/A       100%        7
 Discord                  Hex            0%         N/A       100%        8
 Ignition                 Fire           0%         3d3       100%        8


Dungeon Overview and Level Annotations

Branches:
Dungeon (6/15)             Temple (0/1) D:6

Altars:
Makhleb
The Shining One

Shops:
D:2 *   D:5 ?:

Annotations:
D:5 Pikel
D:6 Maggie


Innate Abilities, Weirdness & Mutations

You are a hulking beast.
Your limbs bulge with bestial killing power. (Slay +3)
You are too large for most types of armour.
You have claws for hands.
Your natural rate of healing is unusually fast.
You are covered in fur. (AC +1)
You have tough skin. (AC +1)
You have a pair of small antennae on your head.


Message History

The orc priest is heavily wounded.
The orc wizard hits you with a +0 dagger.
The orc priest hits you with a +0 short sword.
The hobgoblin barely misses you. The orc barely misses you.
The orc closely misses you.
You mangle the orc priest!!
You kill the orc priest!
The orc wizard gestures at you while chanting.
The puff of flame hits you!
* * * LOW HITPOINT WARNING * * *
The hobgoblin closely misses you. The orc barely misses you.
The orc closely misses you.
You barely miss the orc wizard.
The giant cockroach bites you but does no damage.
The orc wizard hits you with a +0 dagger.
* * * LOW HITPOINT WARNING * * *
The hobgoblin hits you but does no damage.
The orc closely misses you. The orc hits you with a +0 hand axe.
* * * LOW HITPOINT WARNING * * *
You scratch the orc wizard.
The orc wizard is lightly wounded.
The giant cockroach waves its antennae.
You block the giant cockroach's attack.
The orc wizard hits you but does no damage.
The hobgoblin hits you but does no damage.
The orc barely misses you. You block the orc's attack.
You scratch the orc wizard.
The orc wizard is lightly wounded.
The giant cockroach bites you but does no damage.
The orc wizard points at you and mumbles some strange words.
The magic dart hits you.
* * * LOW HITPOINT WARNING * * *
The hobgoblin barely misses you. You block the orc's attack.
The orc hits you with a +0 hand axe.
* * * LOW HITPOINT WARNING * * *
You scratch the orc wizard.
The orc wizard is moderately wounded.
The giant cockroach barely misses you. The hobgoblin barely misses you.
The orc wizard barely misses you. The orc hits you with a +0 hand axe.
You die...

.... ..... .....
...... ......
###......
#........
##Bo......
##.hg...... ##
#)o#o...... .#
###.##....... |#
##...# .......
.##### ###..###
#......
.....####...###
#.....
.###..........#
#####
..#...#######..#
....### #....


You could see an orc wizard, 2 orcs, a giant cockroach and a hobgoblin.

Vanquished Creatures
  3 hounds (D:4)
  An orc priest (D:4)
  An orc wizard (D:4)
  7 gnolls
  4 adders
  An ufetubus (D:4)
  A worm (D:2)
  3 dart slugs (D:2)
  8 orcs
  8 endoplasms
  4 giant cockroaches
  4 goblins
  5 hobgoblins
  7 kobolds
  3 quokkas
  5 ball pythons
  5 bats
  A frilled lizard (D:1)
  4 rats
75 creatures vanquished.

Notes
Turn   | Place    | Note
-------+----------+-------------------------------------------
     0 | D:1      | Gelion the Troll Shapeshifter began the quest for the Orb.
     0 | D:1      | Reached XP level 1. HP: 18/18 MP: 0/0
    84 | D:1      | Reached skill level 1 in Fighting
    86 | D:1      | Reached XP level 2. HP: 18/27 MP: 1/1
   554 | D:2      | Reached XP level 3. HP: 29/33 MP: 2/2
   695 | D:2      | Found Ashohuveu's General Store.
   738 | D:2      | Found a faded altar of an unknown god.
  1306 | D:3      | Reached XP level 4. HP: 41/41 MP: 3/3
  1328 | D:3      | You fall into a shaft and drop 3 floors!
  1345 | D:6      | Noticed a black bear
  1349 | D:6      | Noticed Maggie
  1370 | D:6      | Found a staircase to the Ecumenical Temple.
  1376 | D:5      | Entered Level 5 of the Dungeon
  1376 | D:5      | Found Vaigot's Book Boutique.
  1390 | D:5      | Found Rileaf's Magic Scroll Emporium.
  1392 | D:5      | Identified the +2 leather armour of Edghir {Int+3 Dex+5}
  1440 | D:5      | Noticed Pikel
  1441 | D:5      | Noticed a lemure
  1441 | D:5      | Noticed a lemure
  1493 | D:4      | Reached XP level 5. HP: 31/49 MP: 4/4
  1511 | D:4      | Gained mutation: You have a pair of small antennae on your
                  | head. [potion of mutation]
  1580 | D:4      | Reached XP level 6. HP: 58/58 MP: 5/5
  1694 | D:3      | Found a glowing golden altar of the Shining One.
  1758 | D:3      | Found a burning altar of Makhleb.
  2276 | D:4      | HP: 2/59 [orc/+0 hand axe (6)]
  2277 | D:4      | Slain by an orc

Illustrated notes

Levels and vault maps discovered:
D:1:      wander_arrival_peaceful_grave, layout_rooms, serial_bayou_pond_b
D:2:      layout_basic, shapermc_ecumenical_altar_ellora, serial_shops, shop,
          chequers_serial_rivers_micro_d, minmay_circle_x
D:3:      layout_loops_cross, mainiacjoe_overflow_catwalk,
          mainiacjoe_overflow_paths
D:4:      layout_rooms
D:5:      layout_rooms, serial_shops, shop, kennysheep_mini_moat, shop,
          dreamdust_gnoll_farm, uniq_pikel
D:6:      layout_basic, minmay_temple_entry_from_below_a, minivault_14,
          corner_web_ring, uniq_maggie

Skill      XL: |  1  2  3  4  5 |
---------------+----------------+-----
Fighting       | 1 2 |  2.5
Shapeshifting  | 4 |  4.9
Unarmed Combat | 4 |  4.3
Dodging        | |  1.5

Action                     |  1- 3 |  4- 6 || total
---------------------------+-------+-------++-------
  Melee: Unarmed           |    69 |   101 ||   170
         Punch             |     1 |     2 ||     3
    Use: Scroll            |     4 |       ||     4
         Potion            |       |     6 ||     6
   Stab: Sleeping          |     2 |       ||     2
 Armour: Animal skin       |    20 |    40 ||    60
         Skin              |       |    10 ||    10
  Dodge: Dodged            |    28 |    95 ||   123
  Block: Other             |     7 |    51 ||    58

Table legend: (Time is in decaauts)
 A = Elapsed time spent in this place.
 B = Non-inter-level travel time spent in this place.
 C = Inter-level travel time spent in this place.
 D = Time resting spent in this place.
 E = Time spent auto-exploring this place.
 F = Levels seen in this place.
 G = Mean time per level.
                   A        B        C        D        E       F      G
               +--------+--------+--------+--------+--------+-----+--------+
         Total |   2265 |   2178 |     87 |      0 |   1717 |   6 |  377.5 |
       Dungeon |   2265 |   2178 |     87 |      0 |   1717 |   6 |  377.5 |
               +--------+--------+--------+--------+--------+-----+--------+

Top non-repeatable levels by time:
     D:2: 900 daAuts
     D:3: 663 daAuts
     D:1: 371 daAuts
     D:4: 173 daAuts
     D:5: 109 daAuts
     D:6: 47 daAuts
